 Dungeon Crawl Stone Soup version 0.22-a0-877-g5c4e1afb51 (console) character file.

3193 Lexodia the Basher (level 9, -2/84 HPs)
             Began as an Ogre Berserker on July 29, 2018.
             Was an Elder of Trog.
             Slain by Erica
             ... wielding a +1 scimitar of flaming
              (5 damage)
             ... on level 8 of the Dungeon.
             The game lasted 00:14:59 (7654 turns).

Lexodia the Basher (Ogre Berserker)                 Turns: 7654, Time: 00:15:00

Health: -2/84      AC:  4    Str: 31    XL:     9   Next: 96%
Magic:  9/9        EV: 10    Int:  8    God:    Trog [****..]
Gold:   352        SH:  0    Dex:  8    Spells: 8/8 levels left

rFire    . . .     SeeInvis .   l - +2 whip (flame)
rCold    . . .     Gourm    .   (no shield)
rNeg     . . .     Faith    .   b - +0 animal skin
rPois    .         Spirit   .   (helmet restricted)
rElec    .         Reflect  .   (no cloak)
rCorr    +         Harm     .   (gloves unavailable)
MR       ++...                  (boots unavailable)
Stlth    +.........             (no amulet)
HPRegen  1.24/turn              k - +1 ring of protection
MPRegen  0.11/turn              s - ring of resist corrosion

@: mighty, berserk cooldown, regenerating, slowed, very slow
A: large, unfitting armour, tough skin 1
a: Berserk, Trog's Hand, Brothers in Arms, Renounce Religion


You were on level 8 of the Dungeon.
You worshipped Trog.
Trog was greatly pleased with you.
You were near starving.

You visited 1 branch of the dungeon, and saw 8 of its levels.

You collected 352 gold pieces.

Inventory:

Hand Weapons
 a - a +0 mace
 l - a +2 whip of flaming (weapon)
 w - a +1 whip of flaming
 x - a +1 flail of holy wrath
 y - a +0 giant spiked club
Armour
 b - a +0 animal skin (worn)
 r - a -2 robe
Jewellery
 k - a +1 ring of protection (left hand)
 s - a ring of resist corrosion (right hand)
Wands
 m - a wand of disintegration (18)
 p - a wand of enslavement (19)
 t - a wand of polymorph (6)
Scrolls
 d - 6 scrolls of teleportation {unknown}
 e - a scroll of immolation {unknown}
 g - 2 scrolls of amnesia {unknown}
 h - 11 scrolls of identify {unknown}
 i - 5 scrolls of remove curse
 j - a scroll of fear {unknown}
 o - 4 scrolls of magic mapping {unknown}
 u - a scroll of enchant weapon {unknown}
Potions
 q - 2 potions of might
Comestibles
 c - 11 rations
 f - 2 chunks of flesh


   Skills:
 - Level 4.0 Fighting
 + Level 12.4 Maces & Flails
 - Level 2.6 Dodging


You had 8 spell levels left.
You didn't know any spells.
Your spell library was empty.

Dungeon Overview and Level Annotations

Branches:
Dungeon (8/15)             Temple (0/1) D:7
   Lair: D:8-11

Altars:
Ashenzari
Dithmenos
Gozag
Hepliaklqana
Okawaru
Trog
Xom

Shops:
D:4 %

Annotations:
D:8 Erica


Innate Abilities, Weirdness & Mutations

You are too large for most types of armour.
You have tough skin. (AC +1)


Message History

Something burns you.
Damage: -3%(-3hp) hp: 34%(28hp)
You miss something. Something hits you!
* * * LOW HITPOINT WARNING * * *
Something burns you.
* * * LOW HITPOINT WARNING * * *
Huge Dmg: -12%(-10hp) hp: 22%(18hp) You're still recovering from your berserk rage.
Your skin crawls.
You feel resistant to hostile enchantments.
You are near starving!
Something hits you!
* * * LOW HITPOINT WARNING * * *
Something burns you.
* * * LOW HITPOINT WARNING * * *
Huge Dmg: -8%(-7hp) hp: 14%(11hp) It was a potion of magic.
Magic courses through your body. Something hits you!
* * * LOW HITPOINT WARNING * * *
Something burns you.
You die...

...##.#.# # #......#
...... # . #......# #
#####. #. .######.....#.#
#. ... ............#.# ..
...##+#.########....# ...
......#.#...........#
....
...#..#.#.######...##
..... #....#.#.# #@..#
+......#'#### #...#
.#....##.....# #...# ....
.............###...##.#..
.######...........(.....#
#........[........#
#.................#
#........<........#
#.......).........#


There were no monsters in sight!

Vanquished Creatures
  A two-headed ogre (D:8)
  Pikel (D:7)
  Grinder (D:5)
  A hippogriff (D:6)
  An ice beast (D:6)
  An orc warrior (D:6)
  A black bear (D:7)
  A sky beast (D:5)
  2 ogres
  2 centaurs
  A bullfrog (D:7)
  A water moccasin skeleton (D:4)
  4 scorpions
  3 crimson imps
  3 hounds
  3 orc wizards
  2 iguanas (D:4)
  5 worker ants
  A killer bee zombie (D:6)
  A howler monkey zombie (D:8)
  12 gnolls
  6 adders
  A shadow imp (D:5)
  2 adder zombies
  2 worms (D:4)
  5 leopard geckos
  29 orcs
  7 giant cockroaches
  10 goblins
  12 hobgoblins
  9 jackals
  5 kobolds
  4 quokkas
  A ball python (D:4)
  4 bats
  3 frilled lizards (D:2)
  A giant cockroach zombie (D:5)
  A jackal skeleton (D:7)
  A leopard gecko skeleton (D:4)
  A quokka skeleton (D:5)
  7 rats
159 creatures vanquished.

Vanquished Creatures (others)
  5 dream sheep (D:4)
  2 slaves (D:7)
  A gnoll (D:7)
8 creatures vanquished.

Grand Total: 167 creatures vanquished

Notes
Turn   | Place    | Note
-------+----------+-------------------------------------------
     0 | D:1      | Lexodia the Ogre Berserker began the quest for the Orb.
     0 | D:1      | Reached XP level 1. HP: 24/24 MP: 1/1
    36 | D:1      | Reached skill level 3 in Maces & Flails
    58 | D:1      | Huge Dmg: 6 dmg
    69 | D:1      | Huge Dmg: 2 dmg
    70 | D:1      | Reached XP level 2. HP: 9/32 MP: 2/2
    71 | D:1      | HP: 2/48 [goblin/dagger (3)]
    72 | D:1      | Huge Dmg: 4 dmg
    73 | D:1      | Huge Dmg: 1 dmg
   378 | D:1      | Huge Dmg: 7 dmg
   589 | D:1      | Reached XP level 3. HP: 24/39 MP: 3/3
   816 | D:2      | Found an opulent altar of Gozag.
   849 | D:2      | Reached ** piety under Trog
   958 | D:2      | Reached skill level 4 in Maces & Flails
  1046 | D:2      | Found a faded altar of an unknown god.
  1233 | D:2      | Huge Dmg: 5 dmg
  1234 | D:2      | Huge Dmg: 4 dmg
  1235 | D:2      | Huge Dmg: 5 dmg
  1282 | D:2      | Huge Dmg: 4 dmg
  1742 | D:3      | Reached XP level 4. HP: 48/48 MP: 4/4
  1751 | D:3      | Huge Dmg: 18 dmg
  1875 | D:3      | Huge Dmg: 8 dmg
  1880 | D:3      | Huge Dmg: 11 dmg
  1887 | D:3      | Huge Dmg: 11 dmg
  1956 | D:3      | Huge Dmg: 12 dmg
  1958 | D:3      | Reached skill level 5 in Maces & Flails
  1958 | D:3      | Reached XP level 5. HP: 28/54 MP: 5/5
  1961 | D:3      | Huge Dmg: 7 dmg
  1968 | D:3      | Huge Dmg: 8 dmg
  2431 | D:3      | Reached *** piety under Trog
  2669 | D:4      | Reached XP level 6. HP: 62/62 MP: 6/6
  2724 | D:4      | Reached skill level 6 in Maces & Flails
  2739 | D:4      | Huge Dmg: 17 dmg
  3124 | D:4      | Huge Dmg: 10 dmg
  3125 | D:4      | Reached skill level 7 in Maces & Flails
  3138 | D:4      | Huge Dmg: 8 dmg
  3153 | D:4      | Huge Dmg: 7 dmg
  3155 | D:4      | Huge Dmg: 5 dmg
  3158 | D:4      | HP: 2/93 [scorpion (5)]
  3159 | D:4      | Huge Dmg: 6 dmg
  3160 | D:4      | Reached XP level 7. HP: 3/70 MP: 7/7
  3161 | D:4      | Huge Dmg: 1 dmg
  3199 | D:4      | Huge Dmg: 5 dmg
  3478 | D:4      | Found a shimmering altar of Xom.
  3478 | D:4      | Noticed a dream sheep
  3478 | D:4      | Noticed a dream sheep
  3478 | D:4      | Noticed a dream sheep
  3478 | D:4      | Noticed a dream sheep
  3478 | D:4      | Noticed a dream sheep
  3483 | D:4      | Killed a dream sheep
  3483 | D:4      | Killed a dream sheep
  3483 | D:4      | Killed a dream sheep
  3485 | D:4      | Killed a dream sheep
  3485 | D:4      | Killed a dream sheep
  3645 | D:4      | Found Elaraewn's Food Shop.
  3845 | D:4      | Huge Dmg: 14 dmg
  4141 | D:5      | Entered Level 5 of the Dungeon
  4144 | D:5      | Found a shadowy altar of Dithmenos.
  4229 | D:5      | Reached skill level 8 in Maces & Flails
  4232 | D:5      | Noticed Grinder
  4233 | D:5      | Found a shattered altar of Ashenzari.
  4260 | D:5      | Killed Grinder
  4260 | D:5      | Reached XP level 8. HP: 75/78 MP: 8/8
  4265 | D:5      | Huge Dmg: 24 dmg
  4346 | D:5      | Huge Dmg: 19 dmg
  4350 | D:5      | Reached **** piety under Trog
  4350 | D:5      | Reached skill level 9 in Maces & Flails
  4543 | D:5      | Found a hazy altar of Hepliaklqana.
  4825 | D:5      | Found an iron altar of Okawaru.
  4846 | D:5      | Huge Dmg: 35 dmg
  5008 | D:5      | Found a bloodstained altar of Trog.
  5529 | D:6      | Reached skill level 10 in Maces & Flails
  5571 | D:6      | Huge Dmg: 34 dmg
  5576 | D:6      | Huge Dmg: 6 dmg
  5587 | D:6      | Huge Dmg: 7 dmg
  6075 | D:6      | Huge Dmg: 15 dmg
  6084 | D:6      | Reached XP level 9. HP: 43/84 MP: 9/9
  6472 | D:6      | Huge Dmg: 14 dmg
  6473 | D:6      | Huge Dmg: 10 dmg
  6474 | D:6      | Reached skill level 11 in Maces & Flails
  6815 | D:7      | Noticed Pikel
  6829 | D:7      | Killed Pikel
  6841 | D:7      | Huge Dmg: 42 dmg
  7242 | D:7      | Found a staircase to the Ecumenical Temple.
  7294 | D:8      | Noticed a two-headed ogre
  7306 | D:8      | Huge Dmg: 48 dmg
  7306 | D:8      | Killed a two-headed ogre
  7306 | D:8      | Reached skill level 12 in Maces & Flails
  7311 | D:8      | Huge Dmg: 18 dmg
  7636 | D:8      | Noticed Erica
  7648 | D:8      | Huge Dmg: 25 dmg
  7649 | D:8      | Huge Dmg: 33 dmg
  7650 | D:8      | Huge Dmg: 4 dmg
  7653 | D:8      | Huge Dmg: 10 dmg
  7654 | D:8      | Huge Dmg: 7 dmg
  7654 | D:8      | HP: 3/84 [something (10)]
  7654 | D:8      | Slain by Erica

Vault maps used:
D:1:      dpeg_arrival_tiny_j
D:2:      chequers_ecumenical_altar_island,
          nicolae_gozag_cash_rules_everything_around_me
D:3:      first_ration
D:4:      minmay_diamond_boxcup, kb_xom_exploding_sheep, serial_shops,
          kennysheep_little_box
D:5:      kennysheep_mini, okawaru_altar_gauntlet_db,
          nicolae_dithmenos_through_a_glass_darkly,
          nicolae_overflow_crystal_walls, evilmike_ruin_ashenzari,
          hangedman_decor_riveting, uniq_grinder
D:7:      minmay_temple_entry_enclosed_plants, uniq_pikel
D:8:      fiery_altar_vehumet, grunt_ogre_cave, uniq_erica

Skill      XL: |  1  2  3  4  5  6  7  8  9 |
---------------+----------------------------+-----
Maces & Flails | 3 4 5 7 8 10 12 | 12.4
Fighting       | |  4.0
Dodging        | |  2.6

Action                   |  1- 3 |  4- 6 |  7- 9 || total
-------------------------+-------+-------+-------++-------
Melee: Mace              |   135 |    29 |       ||   164
       Whip              |       |   137 |   318 ||   455
Invok: Berserk           |     2 |     2 |     6 ||    10
       Trog's Hand       |       |     1 |     3 ||     4
Evoke: Wand              |       |       |     3 ||     3
  Use: Scroll            |     1 |     1 |       ||     2
       Potion            |     3 |     2 |     4 ||     9
 Stab: Sleeping          |     1 |       |     1 ||     2
  Eat: Chunk             |     4 |     7 |    19 ||    30
Armor: Animal skin       |    38 |    26 |    59 ||   123
       Skin              |       |     3 |       ||     3
Dodge: Dodged            |   112 |    59 |   128 ||   299

Table legend:
 A = Spawn XP
 B = Non-spawn XP
 C = Spawn XP percentage of total XP
 D = Spawn monster count
 E = Non-spawn monster count
 F = Spawn count percentage of total count
 G = Total turns spent on level
                    A         B        C        D         E        F      G
               +---------+---------+-------+---------+---------+-------+---------
         Total |       0 |    4562 |   0.0 |       0 |     159 |   0.0 |  7654
               +---------+---------+-------+---------+---------+-------+---------
           D:1 |       0 |      39 |   0.0 |       0 |      21 |   0.0 |   798
           D:2 |       0 |      38 |   0.0 |       0 |      16 |   0.0 |   864
           D:3 |       0 |     201 |   0.0 |       0 |      35 |   0.0 |   970
           D:4 |       0 |     576 |   0.0 |       0 |      26 |   0.0 |  1509
           D:5 |       0 |     789 |   0.0 |       0 |      18 |   0.0 |  1099
           D:6 |       0 |     985 |   0.0 |       0 |      22 |   0.0 |  1528
           D:7 |       0 |     986 |   0.0 |       0 |      15 |   0.0 |   565
           D:8 |       0 |     948 |   0.0 |       0 |       6 |   0.0 |   321
               +---------+---------+-------+---------+---------+-------+---------
